 Dungeon Crawl Stone Soup version 0.15-a0-1656-gb4d1502 (console) character file.

3523 MrRokkomies the Archer (level 10, -13/53 HPs)
             Began as a Gargoyle Hunter on June 23, 2014.
             Was a Believer of Dithmenos.
             Mangled by a komodo dragon (18 damage)
             ... on Level 1 of the Lair of Beasts.
             The game lasted 00:59:30 (9717 turns).

MrRokkomies the Archer (Gargoyle Hunter)            Turns: 9717, Time: 00:59:30

HP -13/53        AC 21     Str 16      XL: 10   Next:  8%
MP  10/10        EV  7     Int 12      God: Dithmenos [**....]
Gold 53          SH  0     Dex 13      Spells:  0 memorised,  9 levels left

rFire  + . .     SeeInvis .     m - -1 blowgun (curse)
rCold  . . .     Clarity  .     t - +0 chain mail {rF+}
rNeg   + . .     rCorr    .     (no shield)
rPois  +         rRot     +     (no helmet)
rElec  +         Spirit   .     G - +0 cloak
SustAb .         Warding  .     (no gloves)
rMut   .         Stasis   .     H - +0 pair of boots
Gourm  .                        (no amulet)
MR     .....                    w - ring of flight
                                (no ring)

@: wreathed by umbra, not resistant to hostile enchantments, extremely
unstealthy
A: life protection 1, electricity resistance, slow metabolism 1, unbreathing,
petrification resistance, rot immunity, AC +7
a: Shadow Step, Renounce Religion, Evoke Flight


You were on level 1 of the Lair of Beasts.
You worshipped Dithmenos.
Dithmenos was pleased with you.
You were not hungry.

You visited 3 branches of the dungeon, and saw 10 of its levels.
You also visited: Ossuary.

You collected 254 gold pieces.
You spent 201 gold pieces at shops.

Inventory:

Hand weapons
 a - a cursed +0 short sword of venom
 b - a +1 shortbow
 e - a +0 flail of protection
 l - a +0 morningstar
 m - a cursed -1 blowgun (weapon)
 A - a +1 flail of holy wrath
Missiles
 c - 76 arrows
 q - 10 arrows of flame
 u - a poisoned needle (quivered)
Armour
 t - a +0 chain mail of fire resistance (worn)
 x - a +0 plate armour
 G - a +0 cloak (worn)
 H - a +0 pair of boots (worn)
Magical devices
 r - a wand of magic darts (0)
 J - a wand of fireball (3)
Comestibles
 d - a royal jelly
 f - 5 bread rations
 p - 4 meat rations
Scrolls
 y - a scroll of recharging
 E - a scroll of amnesia
 I - a scroll of magic mapping
Jewellery
 w - a ring of flight (right hand)
Potions
 i - 4 potions of curing
 j - 3 potions of agility
 k - 2 potions of flight
 o - a potion of berserk rage
 s - a potion of resistance
 v - a potion of magic
 z - a potion of lignification {unknown}
 B - 2 potions of paralysis {unknown}
 C - a potion of haste
 D - a potion of restore abilities {unknown}
 F - a potion of brilliance {unknown}


   Skills:
 * Level 1.8 Fighting
 * Level 5.2 Maces & Flails
 - Level 10.0 Bows
 - Level 10.0 Armour
 - Level 1.5 Dodging
 - Level 1.1 Stealth


You had 9 spell levels left.
You didn't know any spells.

Dungeon Overview and Level Annotations

Branches:
Dungeon (8/15)             Temple (1/1) D:6            Lair (1/8) D:8

Altars:
Ashenzari
Cheibriados
Dithmenos
Elyvilon
Fedhas
Gozag
Kikubaaqudgha
Makhleb
Nemelex Xobeh
Okawaru
Qazlal
Sif Muna
Trog
Vehumet
Xom
Yredelemnul
Zin
The Shining One
Lugonu

Shops:
D:7 [*

Annotations:
Lair:1 Harold


Innate Abilities, Weirdness & Mutations

You are resistant to torment.
You are immune to poison.
Your stone body is very resilient (AC +7).
You resist negative energy.
You are resistant to electric shocks.
You can survive without breathing.
You are immune to petrification.
You are immune to rotting.
You have a slow metabolism.


Message History

Aim: an adder (moderately wounded, poisoned, umbra)
Okay, then.
Firing (i - inventory): No suitable missiles.
Press: ? - help, Shift-Dir - straight line, f/p - adder
Aim: an adder (moderately wounded, poisoned, umbra)
Okay, then.
Drink which item? (? for menu, Esc to quit)
Okay, then.
The adder barely misses you. The komodo dragon bites you!
* * * LOW HITPOINT WARNING * * *
The adder closely misses you. The komodo dragon bites you!
* * * LOW HITPOINT WARNING * * *
You kill the adder!
Dithmenos accepts your kill.
You see here a poisoned needle.
u - a poisoned needle The komodo dragon bites you!!
You die...

#### ####
####..#####.#.##
##................
#P@................
##l................
#.l...............
#...:.............
#...P.#....###PP##
#(.....#.#.......%
#(................
#(#......#...(....
#.##..P..'........


You could see a komodo dragon and an iguana.

Vanquished Creatures
  A basilisk (Lair:1)
  A shadow (D:5)
  A hippogriff (Lair:1)
  Edmund (D:7)
  Menkaure (Ossuary)
  A phantom (D:4)
  A yellow wasp (Lair:1)
  A sky beast (D:6)
  3 ice beasts
  2 ogres
  An orc warrior (D:6)
  A centaur (D:7)
  Duvessa (D:6)
  A big kobold (D:7)
  2 giant frogs (D:6)
  10 wights
  A goliath beetle (D:7)
  Dowan (D:6)
  6 hounds
  Crazy Yiuf (D:7)
  5 orc priests
  11 orc wizards
  3 worker ants
  An iguana (D:2)
  Ijyb (D:5)
  3 mummies
  An ogre skeleton (D:6)
  A hound skeleton (D:5)
  10 gnolls
  11 adders
  2 big fish zombies (D:4)
  A shadow imp (D:5)
  3 giant mites
  8 worms
  An adder skeleton (D:4)
  An adder zombie (D:7)
  4 giant geckos
  2 oozes
  23 orcs
  15 bats
  A bat skeleton (D:4)
  A bat zombie (D:7)
  6 giant cockroaches
  2 gnoll skeletons (Ossuary)
  11 hobgoblins
  22 jackals
  17 kobolds
  3 quokkas
  2 ball pythons
  7 giant newts
  A gnoll zombie (Ossuary)
  9 goblins
  A goblin zombie (Ossuary)
  3 hobgoblin skeletons (Ossuary)
  3 hobgoblin zombies (Ossuary)
  A kobold skeleton (Ossuary)
  A kobold zombie (Ossuary)
  4 orc zombies
  2 quokka skeletons
  12 rats
  A rat skeleton (D:7)
  A rat zombie (Ossuary)
256 creatures vanquished.

Vanquished Creatures (others)
  A hippogriff (D:7)
  A big fish (D:6)
  A worker ant (D:5)
  A mummy (Ossuary)
  An adder (D:6)
  3 gnoll skeletons (Ossuary)
  A gnoll zombie (Ossuary)
  2 goblin skeletons (Ossuary)
  5 goblin zombies (Ossuary)
  8 hobgoblin skeletons (Ossuary)
  A hobgoblin zombie (Ossuary)
  4 kobold skeletons (Ossuary)
  4 kobold zombies (Ossuary)
  An orc skeleton (Ossuary)
  An orc zombie (Ossuary)
  A rat skeleton (Ossuary)
  4 rat zombies (Ossuary)
40 creatures vanquished.

Grand Total: 296 creatures vanquished

Notes
Turn   | Place    | Note
--------------------------------------------------------------
     0 | D:1      | MrRokkomies, the Gargoyle Hunter, began the quest for the Orb.
     0 | D:1      | Reached XP level 1. HP: 12/12 MP: 1/1
    47 | D:1      | Reached XP level 2. HP: 14/16 MP: 2/2
   398 | D:1      | Reached XP level 3. HP: 16/20 MP: 3/3
   614 | D:1      | Reached skill level 1 in Armour
  1033 | D:2      | Reached skill level 5 in Bows
  1051 | D:2      | Found an opulent altar of Gozag.
  1123 | D:2      | Reached XP level 4. HP: 17/25 MP: 4/4
  1749 | D:2      | Reached XP level 5. HP: 17/29 MP: 5/5
  2310 | D:3      | Found a shattered altar of Ashenzari.
  2355 | D:3      | Noticed an ogre
  2377 | D:2      | Reached skill level 6 in Bows
  2616 | D:2      | Reached XP level 6. HP: 24/34 MP: 6/6
  3230 | D:3      | Killed an ogre
  3230 | D:3      | Reached XP level 7. HP: 21/38 MP: 7/7
  3423 | D:4      | Reached skill level 7 in Bows
  3423 | D:4      | Reached skill level 5 in Armour
  4259 | D:4      | Found a basalt altar of Yredelemnul.
  4534 | D:4      | Found a glowing golden altar of the Shining One.
  4534 | D:4      | Found a snail-covered altar of Cheibriados.
  4657 | D:5      | Entered Level 5 of the Dungeon
  4676 | D:5      | Found a sand-covered staircase.
  4716 | Ossuary  | Entered an ossuary
  4988 | Ossuary  | Noticed Menkaure
  4992 | Ossuary  | Killed Menkaure
  5259 | D:5      | Found a shimmering altar of Xom.
  5259 | D:5      | Noticed an angel
  5263 | D:5      | Found a glowing silver altar of Zin.
  5373 | D:5      | Reached XP level 8. HP: 26/43 MP: 8/8
  5473 | D:5      | Found a basalt altar of Yredelemnul.
  5643 | D:5      | Reached skill level 8 in Bows
  5908 | D:6      | Found a white marble altar of Elyvilon.
  5920 | D:6      | Noticed Ijyb
  6170 | D:5      | Killed Ijyb
  6381 | D:6      | Found a staircase to the Ecumenical Temple.
  6391 | Temple   | Entered the Ecumenical Temple
  6436 | Temple   | Became a worshipper of Dithmenos the Shadowed
  6638 | D:6      | Reached skill level 9 in Bows
  6946 | D:6      | Reached XP level 9. HP: 36/47 MP: 9/9
  7087 | D:6      | Noticed Duvessa
  7088 | D:6      | Noticed Dowan
  7101 | D:6      | Killed Duvessa
  7107 | D:6      | Killed Dowan
  7153 | D:6      | Found a blossoming altar of Fedhas.
  7174 | D:6      | Reached skill level 10 in Bows
  7256 | D:6      | Reached skill level 1 in Maces & Flails
  7804 | D:6      | Gained mutation: You have a slow metabolism. [potion of beneficial mutation]
  8139 | D:7      | Found a sparkling altar of Nemelex Xobeh.
  8178 | D:7      | Found Heishrai's General Store.
  8185 | D:7      | Bought a +0 chain mail of fire resistance for 138 gold pieces
  8212 | D:7      | Found a stormy altar of Qazlal.
  8229 | D:7      | Noticed Edmund
  8249 | D:7      | Killed Edmund
  8423 | D:7      | Acquired Dithmenos' first power
  8466 | D:7      | Found Pircher's Armour Emporium.
  8469 | D:7      | Bought a +0 pair of boots for 63 gold pieces
  8964 | D:7      | Noticed Crazy Yiuf
  8982 | D:7      | Killed Crazy Yiuf
  9111 | D:8      | Found a staircase to the Lair.
  9121 | Lair:1   | Entered Level 1 of the Lair of Beasts
  9325 | Lair:1   | Noticed a spiny frog
  9364 | Lair:1   | Reached skill level 10 in Armour
  9364 | Lair:1   | Reached XP level 10. HP: 42/52 MP: 10/10
  9418 | Lair:1   | Noticed a black mamba
  9530 | Lair:1   | Noticed a four-headed hydra
  9538 | Lair:1   | Noticed a spiny frog
  9540 | Lair:1   | Noticed a spiny frog
  9613 | Lair:1   | Noticed Harold
  9655 | Lair:1   | Reached skill level 5 in Maces & Flails
  9663 | Lair:1   | Noticed a komodo dragon
  9717 | Lair:1   | Mangled by a komodo dragon

Action                   |  1- 3 |  4- 6 |  7- 9 | 10-12 || total
-------------------------+-------+-------+-------+-------++-------
Melee: Short sword       |    55 |    97 |   109 |       ||   261
       Dagger            |    47 |    59 |       |       ||   106
       Morningstar       |       |       |   510 |       ||   510
       Blowgun           |       |       |    51 |       ||    51
 Fire: Shortbow          |    40 |    52 |   205 |       ||   297
       Blowgun           |       |       |   174 |    25 ||   199
Throw: Throwing net      |       |       |     1 |       ||     1
Evoke: Wand              |       |       |    20 |     1 ||    21
  Use: Scroll            |     1 |     5 |    18 |     3 ||    27
       Potion            |       |     1 |     6 |     1 ||     8
 Stab: Distracted        |     1 |       |       |       ||     1
       Held in net/web   |       |       |     1 |       ||     1
